 Dungeon Crawl Stone Soup version 0.17.1-3-g152610e (webtiles) character file.

400 Peloso the Shield-Bearer (level 6, -7/55 HPs)
             Began as a Minotaur Fighter on Feb 19, 2016.
             Mangled by Pikel
             ... wielding a +1 whip of electrocution
              (20 damage)
             ... on level 4 of the Dungeon.
             The game lasted 00:06:37 (2603 turns).

Peloso the Shield-Bearer (Minotaur Fighter)         Turns: 2603, Time: 00:06:38

Health: -7/55      AC: 12    Str: 20    XL:     6   Next: 54%
Magic:  5/5        EV:  6    Int:  5    God:
Gold:   155        SH: 10    Dex: 12    Spells: 0 memorised, 5 levels left

rFire  . . .     SeeInvis .     a - +0 long sword
rCold  . . .     Clarity  .     o - +0 chain mail
rNeg   . . .     SustAt   +     c - +0 shield
rPois  .         Gourm    .     (helmet restricted)
rElec  .         Spirit   .     F - +1 cloak {+Inv}
rCorr  .         Warding  .     (no gloves)
rMut   .         Stasis   .     (no boots)
MR     .....                    (no amulet)
Stlth  ..........               y - ring of sustain attributes
                                g - ring of flight

@: not resistant to hostile enchantments, extremely unstealthy
A: retaliatory headbutt, horns 2
a: Evoke Invisibility, Evoke Flight


You were on level 4 of the Dungeon.
You were not hungry.

You visited 1 branch of the dungeon, and saw 4 of its levels.

You collected 155 gold pieces.

Inventory:

Hand Weapons
 a - a +0 long sword (weapon)
 n - a +0 whip of electrocution
 B - a +2 short sword of venom
Armour
 b - a +0 scale mail
 c - a +0 shield (worn)
 o - a +0 chain mail (worn)
 F - a +1 cloak of invisibility (worn)
Jewellery
 g - a ring of flight (left hand)
 t - an uncursed amulet of resist corrosion {unknown}
 y - a ring of sustain attributes (right hand)
Wands
 G - a wand of enslavement (11)
Scrolls
 j - 5 scrolls of remove curse {unknown}
 p - a scroll of blinking {unknown}
 q - a scroll of enchant weapon {unknown}
 r - 4 scrolls of immolation {unknown}
 v - a scroll of fear {unknown}
 x - a scroll of noise {unknown}
 z - a scroll of enchant armour {unknown}
 A - 2 scrolls of identify {unknown}
 C - a scroll of teleportation {unknown}
 E - a scroll of recharging {unknown}
Potions
 d - a potion of might
 h - a potion of flight {unknown}
 k - a potion of cancellation {unknown}
 l - a potion of agility {unknown}
 u - a potion of mutation {unknown}
 w - 2 potions of curing {unknown}
 D - a potion of degeneration {unknown}
Comestibles
 e - 3 bread rations
 f - 2 meat rations
 i - 2 royal jellies
 m - a slice of pizza
 s - a beef jerky
 H - 7 chunks of flesh


   Skills:
 + Level 4.8 Fighting
 + Level 4.1 Long Blades
 + Level 5.6 Armour
 + Level 2.1 Dodging
 + Level 0.1 Stealth
 + Level 5.6 Shields


You had 5 spell levels left.
You didn't know any spells.

Dungeon Overview and Level Annotations

Branches:
Dungeon (4/15)
 Temple: D:4-7

Altars:
Trog

Annotations:
D:4 Pikel


Innate Abilities, Weirdness & Mutations

You reflexively headbutt those who attack you in melee.
You have a pair of horns on your head.


Message History

The slave barely misses you. You furiously retaliate!
You headbutt the slave, but do no damage.
The slave hits you but does no damage.
You closely miss Pikel.
Pikel is heavily wounded.
You block Pikel's attack. You block the slave's attack.
The slave hits you but does no damage.
Pikel says, "I'm sure the Orcish Mines are around here somewhere..."
Pikel closely misses you.
You closely miss Pikel.
Pikel is heavily wounded.
The slave hits you but does no damage. The slave barely misses you.
You block Pikel's attack.
You hit Pikel.
Pikel is heavily wounded.
The slave hits you. You block the slave's attack.
Pikel hits you with a whip of electrocution.
* * * LOW HITPOINT WARNING * * *
You are electrocuted!
You die...

###+##.......##.....
##..................K
...................p.
.....##.......#
.....##.......#
##............###########
.#..(...........>.......#
.#.....).......pKp......#
.###'###......##@.......#
.......#......##........#
.......#......†[........#
.......#......###########
.......#......#..........
.......########..........
...÷.....................
.........................
#######..................


You could see Pikel and 2 slaves.

Vanquished Creatures
  Edmund (D:4)
  A slave (D:4)
  Crazy Yiuf (D:3)
  A hound (D:4)
  An iguana (D:4)
  Natasha (twice) (D:2)
  A worker ant (D:3)
  A hound skeleton (D:4)
  6 adders
  An ooze (D:2)
  3 worms
  5 giant geckos
  3 orcs (D:3)
  6 bats
  A giant cockroach (D:3)
  4 goblins
  9 hobgoblins
  6 jackals
  A quokka (D:3)
  3 ball pythons
  4 giant newts
  A jackal skeleton (D:4)
  8 kobolds
  6 rats
  2 fungi (D:3)
78 creatures vanquished.

Notes
Turn   | Place    | Note
--------------------------------------------------------------
     0 | D:1      | Peloso the Minotaur Fighter began the quest for the Orb.
     0 | D:1      | Reached XP level 1. HP: 19/19 MP: 0/0
   265 | D:1      | Reached XP level 2. HP: 24/27 MP: 1/1
   816 | D:2      | Reached skill level 4 in Armour
   910 | D:2      | Reached XP level 3. HP: 28/33 MP: 2/2
  1067 | D:2      | Noticed Natasha
  1076 | D:2      | Killed Natasha
  1113 | D:2      | Reached XP level 4. HP: 40/40 MP: 3/3
  1159 | D:2      | Noticed Natasha
  1164 | D:2      | Killed Natasha
  1465 | D:3      | Reached skill level 1 in Dodging
  1777 | D:3      | Reached XP level 5. HP: 46/46 MP: 4/4
  1801 | D:3      | Reached skill level 5 in Armour
  2050 | D:3      | Noticed Crazy Yiuf
  2055 | D:3      | Killed Crazy Yiuf
  2055 | D:3      | Reached skill level 5 in Shields
  2153 | D:4      | Found a bloodstained altar of Trog.
  2403 | D:4      | Noticed Edmund
  2430 | D:4      | Killed Edmund
  2430 | D:4      | Reached XP level 6. HP: 24/53 MP: 5/5
  2451 | D:4      | Noticed a slave
  2452 | D:4      | Noticed Pikel
  2471 | D:4      | Killed a slave
  2592 | D:4      | Noticed a slave
  2594 | D:4      | Noticed a slave
  2603 | D:4      | Mangled by Pikel

Action                   |  1- 3 |  4- 6 || total
-------------------------+-------+-------++-------
Melee: Long sword        |    76 |   183 ||   259
  Eat: Chunk             |     1 |     6 ||     7
